 Dungeon Crawl Stone Soup version 0.16-a0-4113-g7d8e295 (console) character file.

236119 MrRokkomies the Severer (level 19, -2/180 (182) HPs)
             Began as a Hill Orc Gladiator on Feb 25, 2015.
             Was the Champion of Qazlal.
             Slain by a sixfirhy (8 damage)
             ... on level 1 of the Abyss on Feb 28, 2015.
             The game lasted 03:41:02 (34391 turns).

MrRokkomies the Severer (Hill Orc Gladiator)       Turns: 34391, Time: 03:41:03

HP:   -2/180 (182)  AC: 34    Str: 25    XL:     19   Next: 65%
MP:   33/36         EV: 11    Int: 10    God:    Qazlal [******]
Gold: 1110          SH:  8    Dex: 13    Spells: 3 memorised, 13 levels left

rFire  . . .     SeeInvis +     a - +8 battleaxe of Dischord {drain, rC+}
rCold  + + +     Clarity  +     G - +6 plate armour of the Commoners {rN+}
rNeg   + . .     SustAb   .     (no shield)
rPois  +         Gourm    .     c - +1 helmet
rElec  .         Spirit   .     R - +1 cloak {rC+}
rCorr  .         Warding  .     e - +1 pair of gloves {Dex+3}
rMut   .         Stasis   .     (no boots)
MR     +....                    X - amulet of clarity
Stlth  ..........               w - ring of Xom's Wantonness {+Inv rPois Str+3}
                                P - ring of see invisible

@: about to teleport, protected from cold, very slightly contaminated,
non-regenerating, mildly diseased, repel missiles, somewhat resistant to hostile
enchantments, extremely unstealthy
A: rough black scales 1, spit poison 1, weak 1
a: Spit Poison, Upheaval, Elemental Force, Disaster Area, Renounce Religion,
Evoke Invisibility
}: 1/15 runes: decaying


You were on level 1 of the Abyss.
You worshipped Qazlal.
Qazlal was exalted by your worship.
You were not hungry.

You visited 5 branches of the dungeon, and saw 34 of its levels.
You visited the Abyss 1 time.
You visited 1 bazaar.
You also visited: Labyrinth and Ice Cave.

You collected 3631 gold pieces.
You spent 2521 gold pieces at shops.

Inventory:

Hand weapons
 a - the +8 battleaxe of Dischord (weapon) {drain, rC+}
   (You found it on level 3 of the Orcish Mines)

   A truly terrible weapon, it drains the life of those it strikes.
   It protects you from cold.
 y - a +3 antimagic battleaxe
 J - a +0 blowgun
Missiles
 d - 9 throwing nets
 q - 27 stones (quivered)
 A - 102 poisoned needles
Armour
 c - a +1 helmet (worn)
 e - a +1 pair of gloves of dexterity (worn)
 G - the +6 plate armour of the Commoners (worn) {rN+}
   (You bought it in a shop in a bazaar)

   It protects you from negative energy.
 R - a +1 cloak of cold resistance (worn)
Rods
 V - a +4 rod of destruction (12/12)
   (You found it in a labyrinth)
Jewellery
 w - the ring of Xom's Wantonness (right hand) {+Inv rPois Str+3}
   (You found it on level 8 of the Lair of Beasts)

   [ring of invisibility]

   It affects your strength (+3).
   It protects you from poison.
   It lets you turn invisible.
 B - an uncursed ring of teleportation
 C - a +4 ring of evasion
 D - an uncursed ring of protection from cold
 H - an uncursed amulet of stasis
 P - a ring of see invisible (left hand)
 T - an uncursed ring of protection from magic
 X - an amulet of clarity (around neck)
Magical devices
 r - a wand of disintegration (13)
 t - a wand of fire (4)
 F - a wand of digging (14)
 L - a wand of teleportation (6)
 S - a wand of cold (2)
 W - a wand of lightning (3)
Scrolls
 i - 7 scrolls of identify
 o - 7 scrolls of recharging
 p - 10 scrolls of teleportation
 s - a scroll of enchant weapon
 v - 5 scrolls of fog
 x - 7 scrolls of remove curse
 z - 2 scrolls of fear
 K - 4 scrolls of immolation
 Q - 2 scrolls of magic mapping
Potions
 g - 7 potions of might
 h - 6 potions of agility
 j - 4 potions of haste
 k - a potion of flight
 O - a potion of berserk rage
 Z - 4 potions of cancellation
Books
 b - a Young Poisoner's Handbook

   Spells                             Type                      Level
   a - Sting                          Conjuration/Poison           1
   b - Cure Poison                    Poison                       2
   c - Mephitic Cloud                 Conjuration/Poison/Air       3
   d - Olgreb's Toxic Radiance        Poison                       4
   e - Venom Bolt                     Conjuration/Poison           5
 m - Roxanne's Guide on Clay
   (You took it off Roxanne on level 1 of the Spider Nest)

   Spells                             Type                      Level
   a - Sandblast                      Earth                        1
   b - Stone Arrow                    Conjuration/Earth            3
   c - Petrify                        Transmutation/Earth          4
   d - Bolt of Magma                  Conjuration/Fire/Earth       5
   e - Statue Form                    Transmutation/Earth          6
 n - Jyumaeso's Volume of Ghastly Transmigration
   (You found it on level 1 of the Spider Nest)

   Spells                             Type                      Level
   a - Animate Skeleton               Necromancy                   1
   b - Stoneskin                      Transmutation/Earth          2
   c - Ice Form                       Ice/Transmutation            4
   d - Excruciating Wounds            Charms/Necromancy            5
   e - Hydra Form                     Transmutation                6
Miscellaneous
 M - a disc of storms
 N - a lantern of shadows
 U - a fan of gales (inert)
 Y - a phial of floods
Comestibles
 f - 14 meat rations
 l - 15 bread rations
 u - 18 fruits
 E - 29 beef jerkies


   Skills:
 * Level 19.0 Fighting
 - Level 20.0 Axes
 - Level 2.0 Throwing
 - Level 14.0 Armour
 - Level 7.0 Dodging
 - Level 10.0 Charms
 - Level 1.0 Summonings
 - Level 9.0 Necromancy
 * Level 17.6 Invocations
 - Level 10.0 Evocations


You had 13 spell levels left.
You knew the following spells:

 Your Spells              Type           Power        Failure   Level  Hunger
a - Summon Butterflies    Summ           #.......     99%         1    ##.....
b - Apportation           Tloc           #.........   100%        1    ##.....
c - Regeneration          Chrm/Necr      ###.......   17%         3    ####...


Dungeon Overview and Level Annotations

Branches:
Dungeon (15/15)            Temple (0/1) D:5            Lair (8/8) D:9
  Swamp (5/5) Lair:3       Spider (2/5) Lair:5        Slime (0/6) Lair:6
    Orc (4/4) D:12            Elf (0/3) Orc:4        Vaults (0/5) D:14
 Depths (0/5) D:15

Altars:
Ashenzari
Cheibriados
Elyvilon
Fedhas
Gozag
Qazlal
Trog
Yredelemnul
The Shining One
Beogh
Jiyva

Shops:
D:11 :   D:14 *   Orc:1 !   Orc:2 [   Orc:4 !*[%

Portals:
Trove: D:10 (give wand of hasting (8))

Annotations:
Lair:6 1 runed door
Spider:2 Louise


Innate Abilities, Weirdness & Mutations

You are partially covered in rough black scales (AC +4, Dex -1).
You can spit poison.
You are weak. (Str -2)


Message History

* * * LOW HITPOINT WARNING * * *
Drink which item? (? for menu, Esc to quit)
Okay, then.
Unknown command.
Read which item? (? for menu, Esc to quit)
Okay, then.
Unknown command.
Evoke which item? (* to show all) (? for menu, Esc to quit)
A fierce wind blows from the fan.
The large abomination and the sixfirhy are blown away by the wind.
The winds coalesce and take form.
You hear a trumpeting!
The large abomination is engulfed in freezing vapours.
You hear a screech!
You hear a chilling moan.
You hear a bellow!
The sixfirhy misses you. You block the sixfirhy's attack.
The sixfirhy hits you.
* * * LOW HITPOINT WARNING * * *
The sixfirhy shocks you!
You die...

.#7###≈..≈≈#.###≈
≈#.E....≈≈# §.#
.# .#.#....#.#..
..≈7 .E..#..#.#
#≈≈≈###X### #.#
## #.##....#.# .
#......4.## #
##.....##4# ..§.#
#@## .#. #.# .##
.. #.. ... .##. .
#. .


You could see a sixfirhy.

Vanquished Creatures
  the Lernaean hydra (Swamp:5)
  A profane servitor (Abyss:1)
  A bone dragon (Abyss:1)
  Arachne (Spider:1)
  Asterion (Swamp:1)
  A lich (Abyss:1)
  10 tentacled starspawn (Abyss:1)
  An Executioner (Abyss:1)
  Rupert (D:14)
  2 thorn hunters
  Kirke (Swamp:3)
  Frances (D:14)
  Roxanne (Spider:1)
  Wiglaf (Spider:1)
  A ghost moth (Spider:1)
  Maud (D:14)
  2 cacodemons (Abyss:1)
  Aizul (Spider:1)
  A stone giant (Orc:3)
  2 rakshasas (Abyss:1)
  3 very ugly things (Abyss:1)
  A draconian shifter (Abyss:1)
  4 blizzard demons
  Snorg (Lair:6)
  A minotaur (Lab)
  Josephine (D:14)
  A vault guard (D:14)
  Fannar (Lair:1)
  An ettin (D:15)
  Harold (Orc:4)
  Nessos (D:14)
  25 hydras
  Erica (Lair:5)
  2 centaur warriors
  2 ghost crabs (Swamp:4)
  8 death yaks (Lair:8)
  2 ogre magi (D:15)
  3 orc high priests (Orc:4)
  2 tengu warriors (D:15)
  7 alligators
  The ghost of barkface the Destroyer, a powerful DECj of Sif Muna (D:11)
  6 thrashing horrors (Abyss:1)
  Urug (D:13)
  A catoblepas (Lair:8)
  4 wretched stars (Abyss:1)
  An unseen horror (Abyss:1)
  6 ice devils
  16 hill giants
  14 swamp dragons
  10 large abominations (Abyss:1)
  A lindwurm (Lair:8)
  An ice statue (IceCv)
  7 orc knights
  6 shambling mangroves
  Pikel (D:7)
  A harpy (shapeshifter) (D:14)
  A phantasmal warrior (Abyss:1)
  6 orc sorcerers
  4 sixfirhies (Abyss:1)
  2 griffons
  9 wolf spiders
  2 hornets
  2 manticores (Lair:8)
  26 ugly things
  4 orb spiders
  6 oklob plants
  4 smoke demons (Abyss:1)
  3 elephants (Lair:8)
  7 cyclopes
  An apocalypse crab (Abyss:1)
  2 worldbinders (Abyss:1)
  5 torpor snails
  7 black mambas
  3 anaconda simulacra (IceCv)
  23 spiny frogs
  2 centaur skeletons
  A dire elephant skeleton (Abyss:1)
  A hellion (Abyss:1)
  3 fire drakes
  9 komodo dragons
  4 hellwings (Abyss:1)
  7 ancient zymes (Abyss:1)
  3 golden dragon simulacra (IceCv)
  A demonic crawler (Spider:1)
  A deep elf priest (D:14)
  A fulminant prism (D:11)
  2 blue devils (IceCv)
  10 freezing wraiths
  4 trolls
  11 polar bears
  An efreet (Abyss:1)
  4 raiju
  A two-headed ogre (shapeshifter) (D:15)
  A hydra skeleton (Abyss:1)
  7 jumping spiders
  A raven (shapeshifter) (Abyss:1)
  8 giant leeches
  15 ravens
  11 bog bodies
  28 blink frogs
  3 shadows
  6 trapdoor spiders
  3 basilisks
  19 redbacks
  3 deep elf magi
  2 ynoxinuls (Abyss:1)
  3 dire elephant simulacra (IceCv)
  8 tarantellas
  5 spriggans
  9 wraiths
  A chaos spawn (Abyss:1)
  A harpy simulacrum (IceCv)
  3 golden eyes (Abyss:1)
  19 vampire mosquitoes
  Grum (D:9)
  7 wyverns
  A hog (Swamp:3)
  60 yaks
  29 swamp worms
  19 wolves
  2 steam dragons
  12 wargs
  2 deep elf fighters (D:14)
  18 hippogriffs
  2 neqoxecs (Abyss:1)
  2 hungry ghosts (D:12)
  2 iron troll simulacra (IceCv)
  2 mottled dragons
  27 water moccasins
  6 insubstantial wisps
  6 hydra simulacra (IceCv)
  2 slaves (D:7)
  5 hell hounds
  15 porcupines
  3 sky beasts
  22 spiders
  12 black bears (Lair:8)
  An ettin simulacrum (IceCv)
  An eye of draining (D:14)
  20 orc warriors
  15 swamp drakes
  5 ice beasts
  2 necrophages (D:7)
  6 starcursed masses (Abyss:1)
  3 phantoms
  An eye of draining (shapeshifter) (D:13)
  9 ogres
  4 boring beetles
  5 wasps
  3 centaurs
  18 crocodiles
  2 big kobolds
  A brain worm (Abyss:1)
  20 small abominations (Abyss:1)
  17 giant frogs
  A wyvern skeleton (D:13)
  13 killer bees
  3 wights (D:14)
  2 electric eels
  5 crimson imps
  3 centaur zombies
  4 goliath beetles
  2 quasits
  3 draconian simulacra (IceCv)
  2 iron imps (Abyss:1)
  29 orc wizards
  2 giant frog zombies
  24 hounds
  4 jellies
  29 orc priests
  11 worker ants
  8 iguanas
  7 troll simulacra (IceCv)
  A spectral killer bee (Swamp:4)
  5 spriggan simulacra (IceCv)
  A wolf simulacrum (IceCv)
  A sheep (Lair:8)
  2 centaur simulacra (IceCv)
  A hound zombie (D:8)
  2 worker ant zombies
  Robin (D:3)
  3 gnolls (D:9)
  2 ogre simulacra (IceCv)
  52 river rats
  27 adders
  2 giant mites
  4 white imps
  5 shadow imps
  5 worms
  17 ufetubi
  2 adder zombies (D:5)
  2 adder skeletons
  2 giant geckos
  An ooze (D:1)
  179 orcs
  14 bats
  A bat skeleton (D:4)
  A bat zombie (D:5)
  5 giant cockroaches
  18 hobgoblins
  12 jackals
  24 kobolds
  A ball python (D:5)
  2 giant gecko skeletons (D:5)
  10 giant newts
  5 giant spores
  31 goblins
  12 quokkas
  A quokka zombie (D:5)
  16 rats
  2 spectral orcs
  17 ballistomycetes
  5 briar patches (Swamp:4)
  6 bushes
  74 fungi
  45 plants
  14 starspawn tentacles (Abyss:1)
  A starspawn tentacle segment (Abyss:1)
1692 creatures vanquished.

Vanquished Creatures (collateral kills)
  A spatial maelstrom (Abyss:1)
  A large abomination (Abyss:1)
  A spatial vortex (Abyss:1)
3 creatures vanquished.

Vanquished Creatures (others)
  A shadow (Swamp:4)
  4 humans (Swamp:3)
  A spider (Spider:2)
  An orc priest (Orc:4)
  A hound (D:7)
  An orc wizard (D:7)
  A sheep (Lair:8)
  A giant spore (D:12)
  A fungus (Lair:6)
  2 plants
  10 starspawn tentacles (Abyss:1)
  99 starspawn tentacle segments (Abyss:1)
123 creatures vanquished.

Grand Total: 1818 creatures vanquished

Notes
Turn   | Place    | Note
--------------------------------------------------------------
     0 | D:1      | MrRokkomies, the Hill Orc Gladiator, began the quest for the Orb.
     0 | D:1      | Reached XP level 1. HP: 18/18 MP: 1/1
   440 | D:1      | Reached XP level 2. HP: 25/25 MP: 2/2
   659 | D:1      | Reached XP level 3. HP: 27/31 MP: 3/3
  1214 | D:2      | Reached skill level 5 in Axes
  1328 | D:2      | Reached XP level 4. HP: 33/40 MP: 4/4
  1848 | D:3      | Reached XP level 5. HP: 45/47 MP: 5/5
  1981 | D:3      | Noticed Robin
  1995 | D:3      | Reached skill level 6 in Axes
  2011 | D:3      | Killed Robin
  2173 | D:3      | Reached skill level 5 in Fighting
  2559 | D:3      | Reached XP level 6. HP: 53/56 MP: 6/6
  2715 | D:3      | Upgraded the game from 0.16-a0-4097-gb4d75fa to 0.16-a0-4108-g6e49b0d
  3013 | D:4      | Found a white marble altar of Elyvilon.
  3013 | D:4      | Found a stormy altar of Qazlal.
  3019 | D:4      | Became a worshipper of Qazlal Stormbringer
  3145 | D:4      | Reached skill level 7 in Axes
  3676 | D:5      | Entered Level 5 of the Dungeon
  3725 | D:5      | Reached skill level 1 in Armour
  3765 | D:5      | Found a staircase to the Ecumenical Temple.
  3868 | D:5      | Reached XP level 7. HP: 61/61 MP: 7/7
  3920 | D:5      | Acquired Qazlal's first power
  3945 | D:5      | Noticed a moth of wrath
  3947 | D:5      | Found a bloodstained altar of Trog.
  4221 | D:5      | Reached skill level 8 in Axes
  4612 | D:6      | Acquired Qazlal's second power
  4689 | D:6      | Reached skill level 9 in Axes
  4772 | D:6      | Reached XP level 8. HP: 69/69 MP: 8/8
  5043 | D:6      | Reached skill level 5 in Armour
  5376 | D:7      | Reached skill level 10 in Axes
  5488 | D:7      | Noticed Pikel
  5506 | D:7      | Killed Pikel
  5506 | D:7      | Reached skill level 11 in Axes
  5506 | D:7      | Reached XP level 9. HP: 48/72 MP: 9/9
  5721 | D:7      | Acquired Qazlal's third power
  5969 | D:8      | Reached skill level 12 in Axes
  6091 | D:8      | Found a shattered altar of Ashenzari.
  6330 | D:8      | Found a basalt altar of Yredelemnul.
  6673 | D:9      | Noticed Grum
  6679 | D:9      | Found a snail-covered altar of Cheibriados.
  6685 | D:9      | Killed Grum
  6693 | D:9      | Reached XP level 10. HP: 73/84 MP: 10/10
  6791 | D:9      | Reached skill level 13 in Axes
  7014 | D:9      | Found a staircase to the Lair.
  7039 | D:9      | Acquired Qazlal's fourth power
  7296 | D:9      | Found an opulent altar of Gozag.
  7752 | Lair:1   | Entered Level 1 of the Lair of Beasts
  7891 | Lair:1   | Reached skill level 14 in Axes
  8256 | Lair:1   | Reached skill level 10 in Fighting
  8327 | Lair:1   | Noticed Fannar
  8375 | Lair:1   | Killed Fannar
  8375 | Lair:1   | Reached XP level 11. HP: 63/99 MP: 11/11
  8867 | Lair:2   | Reached skill level 1 in Invocations
  8959 | Lair:2   | Reached skill level 15 in Axes
  9205 | Lair:2   | Acquired Qazlal's fifth power
  9329 | Lair:2   | Reached skill level 5 in Invocations
  9798 | Lair:2   | Reached skill level 16 in Axes
  9808 | Lair:2   | Got a shimmering hand axe
  9818 | Lair:2   | Identified the +5 hand axe "Mempef" {drain, rN+ Str+2} (You found it on level 2 of the Lair of Beasts)
 10058 | Lair:3   | Found a staircase to the Swamp.
 10932 | Lair:3   | Reached XP level 12. HP: 106/106 MP: 24/24
 11340 | Lair:4   | Reached skill level 17 in Axes
 11354 | Lair:4   | Reached skill level 10 in Invocations
 12016 | Lair:5   | Noticed Erica
 12159 | Lair:5   | Killed Erica
 12678 | Lair:5   | Found a hole to the Spider Nest.
 12708 | Lair:5   | Reached skill level 18 in Axes
 13068 | Lair:5   | Got a crude war axe
 13069 | Lair:5   | Identified the +7 war axe of Patience {flame, +Blink Str-2 Int+2} (You found it on level 5 of the Lair of Beasts)
 13248 | Lair:6   | Noticed Snorg
 13250 | Lair:6   | Killed Snorg
 13314 | Lair:6   | Reached XP level 13. HP: 97/114 MP: 23/28
 13526 | Lair:6   | Found a runed door.
 13527 | Lair:6   | Found a viscous altar of Jiyva.
 13529 | Lair:6   | Found a staircase to the Slime Pits.
 14084 | Lair:7   | Gained mutation: You are partially covered in rough black scales (AC +4, Dex -1). [potion of beneficial mutation]
 14111 | Lair:7   | Reached skill level 10 in Armour
 14711 | Lair:8   | Entered Level 8 of the Lair of Beasts
 14823 | Lair:8   | Found a labyrinth entrance.
 14837 | Lab      | Entered a labyrinth
 14840 | Lab      | Learned a level 1 spell: Summon Butterflies
 14842 | Lab      | Learned a level 1 spell: Apportation
 14994 | Lab      | Noticed a minotaur
 15003 | Lab      | Killed a minotaur
 15011 | Lab      | Got a crude scythe {antimagic}
 15021 | Lab      | Identified the +4 scythe of Flawed Execution {antimagic, Str+2} (You took it off a minotaur in a labyrinth)
 15024 | Lab      | Identified a +3 rod of destruction (11/11) (You found it in a labyrinth)
 15115 | Lair:8   | Found a staircase to the Slime Pits.
 15116 | Lair:8   | Found a viscous altar of Jiyva.
 15336 | Lair:8   | Got a pitted platinum ring
 15357 | Lair:8   | Identified the ring of Xom's Wantonness {+Inv rPois Str+3} (You found it on level 8 of the Lair of Beasts)
 15430 | Lair:8   | Reached XP level 14. HP: 99/130 MP: 29/29
 15883 | Lair:8   | Reached skill level 15 in Fighting
 16751 | D:10     | Entered Level 10 of the Dungeon
 16812 | D:10     | Reached skill level 1 in Evocations
 17241 | D:10     | Found a portal to a secret trove of treasure.
 17497 | D:11     | Upgraded the game from 0.16-a0-4108-g6e49b0d to 0.16-a0-4112-g89a4107
 17747 | D:11     | Noticed barkface's ghost (powerful DECj)
 17753 | D:11     | Killed barkface's ghost
 18045 | D:11     | Found Xeunt's Book Shop.
 18365 | D:12     | Found a flickering gateway to a bazaar.
 18367 | Bazaar   | Entered a bazaar
 18367 | Bazaar   | Found Avubuut's General Store.
 18367 | Bazaar   | Found Kacwalaq's Antique Armour Emporium.
 18367 | Bazaar   | Found Pilaz's Armour Emporium.
 18368 | Bazaar   | Found Heledar's Assorted Antiques.
 18368 | Bazaar   | Found Thruafein's Weapon Shoppe.
 18392 | Bazaar   | Bought an ichor-stained plate armour for 1064 gold pieces
 18407 | Bazaar   | Bought an uncursed ring of see invisible for 165 gold pieces
 18410 | Bazaar   | Bought a coppery potion for 22 gold pieces
 18410 | Bazaar   | Bought a potion of heal wounds for 125 gold pieces
 18426 | Bazaar   | Identified the +6 plate armour of the Commoners {rN+} (You bought it in a shop in a bazaar)
 18593 | D:12     | Found a staircase to the Orcish Mines.
 18692 | D:12     | Learned a level 3 spell: Regeneration
 18737 | D:12     | Reached XP level 15. HP: 121/139 MP: 30/30
 18836 | D:12     | Reached skill level 5 in Evocations
 19101 | Orc:1    | Entered Level 1 of the Orcish Mines
 19364 | Orc:1    | Found Kabuug's Distillery.
 19371 | Orc:1    | Bought a potion of heal wounds for 55 gold pieces
 19586 | Orc:2    | Found Sef Emuh's Armour Shop.
 19934 | Orc:2    | Found a roughly hewn altar of Beogh.
 20571 | Orc:3    | Reached skill level 5 in Dodging
 20640 | Orc:3    | Got a bone battleaxe
 20669 | Orc:3    | Got a jewelled cloak
 20684 | Orc:3    | Identified the +2 cloak of the Game Afoot {+Blink MP+9 Slay-5} (You found it on level 3 of the Orcish Mines)
 20695 | Orc:3    | Identified the +8 battleaxe of Dischord {drain, rC+} (You found it on level 3 of the Orcish Mines)
 21175 | Orc:4    | Entered Level 4 of the Orcish Mines
 21356 | Orc:4    | Found a staircase to the Elven Halls.
 21370 | Orc:4    | Noticed Harold
 21383 | Orc:4    | Killed Harold
 21402 | Orc:4    | Found a glowing golden altar of the Shining One.
 21585 | Orc:4    | Found Xaothras' Antique Armour Boutique.
 21594 | Orc:4    | Found Igaumu's Assorted Antiques.
 21594 | Orc:4    | Found Zaexaqel's Distillery.
 21595 | Orc:4    | Found Criesatua's Food Boutique.
 21624 | Orc:4    | Bought a scorched amber ring for 145 gold pieces
 21625 | Orc:4    | Identified the ring "Tworiung" {rN++ Int+2} (You bought it in a shop on level 4 of the Orcish Mines)
 21994 | D:13     | Got a bloodstained chain mail
 22013 | D:13     | Identified the +4 chain mail of the Moon {rC+ MP+9 Stlth+} (You found it on level 13 of the Dungeon)
 22241 | D:13     | Noticed Urug
 22254 | D:13     | Killed Urug
 22701 | D:14     | Noticed Frances
 22703 | D:14     | Noticed Nessos
 22708 | D:14     | Killed Nessos
 22716 | D:14     | Killed Frances
 22740 | D:14     | Noticed Maud
 22753 | D:14     | Killed Maud
 22768 | D:14     | Found Shryaxo's Assorted Antiques.
 22776 | D:14     | Bought a potion of beneficial mutation for 945 gold pieces
 22776 | D:14     | Gained mutation: You can spit poison. [potion of beneficial mutation]
 22896 | D:14     | Noticed Josephine
 22906 | D:14     | Killed Josephine
 22906 | D:14     | Reached skill level 10 in Evocations
 22906 | D:14     | Reached XP level 16. HP: 142/147 MP: 31/31
 23083 | D:14     | Reached skill level 1 in Summonings
 23094 | D:14     | Reached skill level 1 in Necromancy
 23117 | D:14     | Noticed Rupert
 23134 | D:14     | Killed Rupert
 23134 | D:14     | Reached skill level 1 in Charms
 23570 | D:14     | Found a gate to the Vaults.
 23608 | D:15     | Entered Level 15 of the Dungeon
 23913 | D:15     | Reached skill level 19 in Axes
 24490 | D:15     | Reached skill level 5 in Charms
 24516 | D:15     | Found a staircase to the Depths.
 24602 | D:15     | Found a blossoming altar of Fedhas.
 25098 | Swamp:1  | Entered Level 1 of the Swamp
 25413 | Swamp:1  | Noticed Asterion
 25424 | Swamp:1  | Killed Asterion
 26234 | Swamp:2  | Reached skill level 5 in Necromancy
 26242 | Swamp:2  | Reached XP level 17. HP: 148/154 MP: 31/31
 26373 | Swamp:2  | Noticed a thorn hunter
 26381 | Swamp:2  | Killed a thorn hunter
 26729 | Swamp:2  | Reached skill level 20 in Axes
 27078 | Swamp:3  | Noticed Kirke
 27088 | Swamp:3  | Killed Kirke
 27934 | Swamp:4  | Found a frozen archway.
 27955 | IceCv    | Entered an ice cave
 29861 | Swamp:5  | Entered Level 5 of the Swamp
 29944 | Swamp:5  | Got a sparkling tin ring
 29969 | Swamp:5  | Reached skill level 10 in Charms
 29973 | Swamp:5  | Noticed the 27-headed Lernaean hydra
 29982 | Swamp:5  | Killed the 23-headed Lernaean hydra
 29982 | Swamp:5  | Reached XP level 18. HP: 28/164 MP: 20/32
 30212 | Swamp:5  | Got a decaying rune of Zot
 30437 | Lair:3   | Identified the ring "Streur Omoena" {Wiz MR- Str+3 Int+3 Dex-2 Stlth+} (You found it on level 5 of the Swamp)
 30702 | Spider:1 | Entered Level 1 of the Spider Nest
 31313 | Spider:1 | Noticed Roxanne
 31357 | Spider:1 | Killed Roxanne
 31359 | Spider:1 | Identified Roxanne's Guide on Clay (You took it off Roxanne on level 1 of the Spider Nest)
 31375 | Spider:1 | Identified Jyumaeso's Volume of Ghastly Transmigration
 31948 | Spider:1 | Upgraded the game from 0.16-a0-4112-g89a4107 to 0.16-a0-4113-g7d8e295
 31992 | Spider:2 | Noticed Louise
 31992 | Spider:2 | Noticed Aizul
 31993 | Spider:2 | Noticed Arachne
 32107 | Spider:2 | Noticed Wiglaf
 32130 | Spider:1 | Killed Wiglaf
 32400 | Spider:1 | Killed Aizul
 32676 | Spider:1 | Killed Arachne
 33055 | Spider:2 | Cast into the Abyss (Louise)
 33132 | Abyss:1  | Reached skill level 15 in Invocations
 33422 | Abyss:1  | Gained mutation: You are weak. (Str -2) [a neqoxec]
 33428 | Abyss:1  | Found a corrupted altar of Lugonu.
 33576 | Abyss:1  | Noticed a bone dragon
 33621 | Abyss:1  | Killed a bone dragon
 33621 | Abyss:1  | Reached XP level 19. HP: 49/176 MP: 34/35
 33665 | Abyss:1  | HP: 8/177 [sixfirhy[a cacodemon] (7)]
 33798 | Abyss:1  | Found a shadowy altar of Dithmenos.
 34046 | Abyss:1  | Found a shattered altar of Ashenzari.
 34163 | Abyss:1  | Noticed a profane servitor
 34184 | Abyss:1  | Killed a profane servitor
 34387 | Abyss:1  | HP: 9/180 [sixfirhy (8)]
 34391 | Abyss:1  | Slain by a sixfirhy

Action                   |  1- 3 |  4- 6 |  7- 9 | 10-12 | 13-15 | 16-18 | 19-21 || total
-------------------------+-------+-------+-------+-------+-------+-------+-------++-------
Melee: War axe           |   107 |    46 |       |       |    14 |    92 |       ||   259
       Battleaxe         |       |   205 |   315 |   516 |  1133 |  1354 |   282 ||  3805
Throw: Stone             |       |       |     1 |       |     1 |       |       ||     2
 Cast: Regeneration      |       |       |       |       |       |    11 |    30 ||    41
Invok: Upheaval          |       |       |       |     7 |    22 |    29 |     1 ||    59
       Disaster Area     |       |       |       |       |     1 |     2 |       ||     3
Evoke: Rod               |       |       |       |       |     4 |     8 |       ||    12
       Fan of gales (ine |       |       |       |       |       |       |     2 ||     2
  Use: Scroll            |     5 |    10 |     8 |    11 |    12 |    14 |     3 ||    63
       Potion            |       |       |       |     3 |     2 |     8 |     7 ||    20
 Stab: Invisible         |       |       |       |     6 |       |       |     1 ||     7
       Fleeing           |       |       |       |       |     1 |       |       ||     1
       Distracted        |       |       |       |       |       |     1 |       ||     1
  Eat: Chunk             |     1 |     9 |     8 |    21 |    28 |    15 |       ||    82
       Royal jelly       |       |       |       |     1 |       |     2 |     1 ||     4
       Pizza             |       |       |       |       |     1 |     1 |       ||     2
       Bread ration      |       |       |       |       |     1 |     2 |     1 ||     4
       Beef jerky        |       |       |       |       |       |     3 |       ||     3
       Meat ration       |       |       |       |       |       |     1 |     1 ||     2
